Map: Dusk Towers

Players

MorroW - Winner!

  • Race: Protoss Protoss
  • League: Grandmaster

mAth

  • Race: Zerg Zerg
  • League: Grandmaster

VOD

https://www.youtube.com/watch?v=HJICIQEE1S8

Description

Both players open with economic builds. mAth goes for a 3 Hatch before Pool while MorroW goes 1 Gate Expand. MorroW follows up with a Stargate for Phoenix, which is immediately scouted by mAth who already has Spore Crawlers down.

MorroW transitions into Roach Hydra Lurker while MorroW techs up with Immortals and High Templars. MorroW pushed out first, but he backs off when he runs into burrowed Lurkers. A Zealot drop is pushed away by Hydralisks in the main.

At the same time, both players transition into air with a Greater Spire and Fleet Beacon behind 5 bases each. The game is relatively passive until there are 9 Brood Lords up pushing into Tempests and Storms. Although mAth cleans up most of MorroW's ground units, storms kill all of the Hydralisks, and the Tempests freely take out the Brood Lords. With the Tempests and a Mothership Core, MorroW begins to siege mAth, who GGs after his Corruptors are destroyed by Archons.

Time

  • Played on: Feb. 28, 2016, 8:55 a.m.
  • Length: 14:17
Show
View Real Time Build Order
Export as new Build Order

MorroW Protoss - Winner!

Build Orders: 1 Gate Expand, Phoenix Opening 

Get SALT Encoding   

  12  0:00  Probe (Chrono Boost)  
  13  0:11  Probe (Chrono Boost)  
  14  0:18  Pylon  
  14  0:22  Probe (Chrono Boost)  
  15  0:36  Probe (Chrono Boost)  
  15  0:37  Gateway  
  16  0:43  Assimilator  
  16  0:47  Probe (Chrono Boost)  
  17  0:57  Probe (Chrono Boost)  
  18  1:08  Probe (Chrono Boost)  
  19  1:19  Nexus  
  19  1:22  Probe (Chrono Boost)  
  20  1:33  Cybernetics Core  
  20  1:35  Probe (Chrono Boost)  
  21  1:42  Assimilator  
  21  1:45  Probe (Chrono Boost)  
  22  1:49  Pylon  
  22  1:56  Probe (Chrono Boost)  
  23  2:07  Probe (Chrono Boost)  
  24  2:11  Warp Gate  
  24  2:14  Stalker (Chrono Boost)  
  26  2:19  Probe  
  27  2:31  Probe (Chrono Boost)  
  27  2:32  Probe (Chrono Boost)  
  29  2:38  Stargate  
  29  2:41  Adept  
  29  2:43  Probe (Chrono Boost)  
  32  2:46  Probe (Chrono Boost)  
  33  2:53  Probe (Chrono Boost)  
  33  2:56  Probe (Chrono Boost)  
  35  3:04  Probe (Chrono Boost)  
  36  3:06  Pylon  
  36  3:07  Mothership Core (Chrono Boost)  
  38  3:13  Adept  
  38  3:14  Probe (Chrono Boost)  
  41  3:24  Probe (Chrono Boost), Phoenix (Chrono Boost)  
  41  3:25  Probe  
  45  3:34  Probe  
  45  3:37  Probe  
  45  3:40  Nexus  
  47  3:45  Probe  
  47  3:47  Phoenix (Chrono Boost)  
  50  3:49  Probe  
  50  3:50  Pylon  
  50  3:55  Probe  
  51  4:01  Probe  
  53  4:06  Assimilator, Probe  
  53  4:07  Assimilator  
  54  4:12  Phoenix (Chrono Boost)  
  54  4:13  Probe  
  54  4:16  Probe  
  57  4:24  Gateway x2  
  58  4:25  Probe  
  58  4:27  Probe  
  60  4:37  Probe x2  
  61  4:42  Pylon  
  61  4:45  Robotics Facility  
  62  4:50  Probe, Pylon  
  62  4:51  Probe x2  
  62  4:52  Phoenix (Chrono Boost)  
  67  5:00  Probe  
  67  5:01  Probe  
  67  5:03  Probe  
  70  5:11  Probe  
  70  5:13  Phoenix (Chrono Boost)  
  73  5:14  Probe  
  73  5:16  Probe  
  73  5:19  Assimilator x2, Pylon  
  75  5:21  Sentry, Probe (Chrono Boost)  
  75  5:23  Pylon  
  75  5:24  Pylon  
  75  5:25  Probe (Chrono Boost)  
  75  5:28  Probe (Chrono Boost)  
  80  5:34  Probe (Chrono Boost)  
  80  5:35  Warp Prism  
  83  5:37  Probe (Chrono Boost)  
  83  5:38  Robotics Facility  
  83  5:39  Probe (Chrono Boost)  
  83  5:40  Forge  
  85  5:49  Probe x2 (Chrono Boost)  
  88  5:50  Probe (Chrono Boost)  
  88  5:55  Twilight Council  
  88  6:00  Gateway  
  88  6:01  Gateway  
  88  6:03  Gateway  
  88  6:06  Adept x3  
  88  6:10  Protoss Ground Weapons Level 1 (Chrono Boost)  
  94  6:12  Immortal (Chrono Boost)  
  98  6:26  Gateway, Observer (Chrono Boost)  
  98  6:27  Gateway  
  98  6:30  Pylon  
  98  6:32  Pylon  
  99  6:39  Zealot x2  
  103  6:40  Zealot  
  103  6:46  Charge  
  105  6:47  Pylon  
  105  6:48  Templar Archives  
  105  6:49  Pylon  
  105  6:51  Pylon x2  
  103  7:12  Immortal x2 (Chrono Boost)  
  107  7:19  Nexus  
  105  7:29  Zealot x2  
  109  7:30  Zealot x4  
  109  7:34  High Templar  
  109  7:35  High Templar  
  109  7:37  Psionic Storm  
  121  7:39  Pylon  
  121  7:41  Pylon  
  121  7:43  Pylon  
  121  7:53  Immortal x2 (Chrono Boost), High Templar  
  121  7:54  High Templar x3  
  121  7:55  Zealot x2, Protoss Ground Weapons Level 2  
  141  8:13  Oracle  
  141  8:16  Probe x3  
  141  8:18  Photon Cannon  
  147  8:20  Photon Cannon  
  147  8:26  Zealot  
  149  8:27  Zealot x4  
  149  8:28  Probe x2  
  159  8:40  High Templar x3  
  165  8:42  Photon Cannon  
  165  8:46  Assimilator  
  159  9:02  Zealot x5  
  163  9:07  Protoss Air Weapons Level 1  
  169  9:10  Stargate, Fleet Beacon  
  169  9:11  Assimilator  
  167  9:23  Immortal (Chrono Boost)  
  171  9:26  Immortal (Chrono Boost)  
  171  9:29  Pylon  
  172  9:42  Zealot x2  
  172  9:44  High Templar  
  178  9:48  Zealot x2  
  180  9:59  Nexus  
  176  10:02  Photon Cannon  
  176  10:04  Photon Cannon x2  
  176  10:06  Photon Cannon  
  176  10:07  Tempest, Photon Cannon  
  176  10:12  Protoss Shields Level 1  
  180  10:21  Tempest  
  184  10:25  Pylon  
  184  10:28  Photon Cannon  
  184  10:29  Cybernetics Core  
  184  10:31  Forge  
  184  10:47  Photon Cannon  
  182  10:50  Tempest, Photon Cannon  
  172  11:03  Tempest, Probe  
  177  11:04  Probe x3  
  177  11:05  Pylon  
  177  11:10  Zealot x2  
  177  11:11  Zealot x6  
  196  11:16  Probe x2  
  183  11:32  Tempest  
  183  11:34  Pylon  
  187  11:46  Photon Cannon, Tempest  
  191  11:48  Photon Cannon  
  191  11:49  Nexus  
  191  11:53  Photon Cannon  
  191  11:57  High Templar  
  191  11:58  High Templar x3  
  199  12:01  Archon  
  199  12:02  Archon  
  191  12:15  Tempest  
  191  12:22  Photon Cannon  
  193  12:29  Tempest  
  189  12:40  Zealot x8  
  173  13:00  High Templar x4  
  173  13:01  High Templar x4  
  187  13:07  Archon x3  
  187  13:11  Pylon  
  186  13:16  Pylon  
  186  13:18  Void Ray x2  
  190  13:50  Zealot x5  
  188  14:16  Nexus  
Show
View Real Time Build Order
Export as new Build Order

mAth Zerg 

Build Orders: 3 Hatch before Pool, Lurkers 

Get SALT Encoding   

  12  0:00  Drone  
  13  0:12  Overlord  
  13  0:17  Drone  
  14  0:30  Drone x2  
  14  0:34  Drone  
  17  0:52  Hatchery  
  17  0:54  Drone  
  17  1:00  Drone  
  18  1:17  Hatchery  
  17  1:20  Drone  
  17  1:23  Drone  
  19  1:36  Spawning Pool  
  19  1:37  Extractor  
  17  1:40  Drone  
  17  1:44  Drone  
  19  1:50  Drone  
  20  2:01  Drone  
  21  2:05  Drone  
  22  2:11  Drone  
  22  2:15  Drone  
  24  2:22  Queen x2  
  24  2:24  Overlord  
  28  2:34  Drone  
  28  2:35  Drone  
  30  2:40  Queen  
  30  2:42  Metabolic Boost  
  32  2:48  Drone x2  
  32  2:50  Drone  
  35  2:52  Drone  
  35  2:54  Drone  
  37  3:02  Overlord  
  37  3:03  Overlord  
  37  3:11  Overlord  
  37  3:19  Queen  
  37  3:21  Zergling x6  
  37  3:25  Drone x4  
  37  3:26  Drone  
  47  3:38  Spore Crawler  
  47  3:39  Spore Crawler  
  45  3:42  Spore Crawler  
  45  3:43  Drone x6  
  45  3:48  Extractor  
  49  3:50  Roach Warren  
  48  3:56  Queen  
  50  4:06  Overlord x3  
  50  4:24  Drone x2  
  50  4:25  Drone x10  
  62  4:32  Overlord  
  62  4:34  Lair  
  58  4:39  Queen  
  59  4:46  Drone  
  59  4:47  Drone x3  
  59  4:49  Evolution Chamber  
  62  4:57  Drone x7  
  69  5:05  Overlord x2  
  69  5:09  Roach  
  69  5:10  Roach  
  73  5:14  Overlord  
  73  5:15  Zerg Missile Weapons Level 1  
  73  5:22  Queen  
  73  5:23  Zergling x2  
  73  5:24  Roach x4  
  73  5:25  Roach  
  73  5:26  Roach  
  86  5:31  Spore Crawler  
  84  5:36  Extractor  
  84  5:42  Hydralisk Den  
  82  5:45  Drone  
  82  5:46  Drone x10  
  93  5:55  Drone  
  93  5:56  Spore Crawler  
  93  6:00  Extractor x2  
  93  6:01  Extractor  
  90  6:09  Drone  
  90  6:10  Lurker Den, Drone x3  
  93  6:19  Drone  
  93  6:20  Drone x3  
  97  6:32  Hatchery  
  96  6:34  Hydralisk  
  96  6:36  Overlord  
  96  6:37  Overlord x4  
  98  6:48  Glial Reconstitution, Overseer  
  98  7:06  Hydralisk x11  
  116  7:22  Spore Crawler  
  113  7:23  Queen  
  113  7:26  Drone  
  112  7:30  Drone x5  
  112  7:31  Drone x3  
  120  7:39  Hydralisk x4  
  120  7:43  Zerg Melee Weapons Level 1  
  128  7:45  Infestation Pit, Evolution Chamber  
  128  7:51  Zergling x2  
  127  7:52  Zergling x2  
  127  7:53  Overlord  
  127  7:54  Drone x2  
  127  7:57  Drone x4  
  134  8:10  Lurker x4  
  138  8:14  Extractor  
  138  8:15  Drone x3  
  138  8:16  Drone x3, Extractor  
  138  8:17  Lurker  
  142  8:23  Zergling x6, Lurker  
  142  8:24  Zergling x4  
  148  8:31  Zerg Ground Armor Level 1  
  148  8:34  Zergling x8  
  148  8:36  Overlord x3  
  148  8:37  Overlord  
  151  8:51  Hive  
  151  8:53  Spire  
  151  8:54  Drone  
  151  8:55  Drone x3  
  154  8:56  Zergling x18  
  163  9:20  Hydralisk x2  
  163  9:21  Hydralisk x8  
  163  9:23  Muscular Augments  
  183  9:25  Overlord x2  
  183  9:30  Overlord x2  
  168  10:01  Zerg Melee Weapons Level 2  
  166  10:13  Corruptor x8  
  180  10:17  Greater Spire  
  180  10:21  Spine Crawler x2  
  181  10:22  Spine Crawler  
  181  10:23  Spine Crawler, Hatchery  
  181  10:24  Drone x5  
  181  10:27  Zergling x2  
  181  10:28  Zergling x30  
  182  11:13  Adrenal Glands  
  181  11:21  Zergling x10  
  186  11:31  Brood Lord x4  
  186  11:32  Brood Lord x4  
  185  11:46  Queen  
  185  11:47  Drone x4  
  189  11:50  Extractor  
  189  11:53  Extractor  
  189  11:55  Zergling x22  
  196  12:20  Zergling x26  
  179  12:44  Zergling x18  
  174  12:45  Zergling x36  
  171  13:01  Overseer  
  171  13:03  Corruptor  
  171  13:04  Corruptor x10  
  175  13:16  Queen  
  175  13:17  Queen x3  
  175  13:18  Queen  
  185  13:21  Hydralisk x2  
  185  13:22  Hydralisk x5  
  199  13:30  Zergling x2  
Tags
 
Add a new tag
Caveats
  • Supply blocks, unpowered buildings, or Contaminate may cause inaccurate times.
  • Supply counts are checked every 10 seconds.